 Dungeon Crawl Stone Soup version 0.21-a0-122-g43b3ea6 (webtiles) character file.

86 uglyjohn the Chopper (level 4, 0/35 HPs)
             Began as a Demonspawn Monk on July 13, 2017.
             Slain by a hound (3 damage)
             ... on level 3 of the Dungeon.
             The game lasted 00:03:04 (1905 turns).

uglyjohn the Chopper (Demonspawn Monk)              Turns: 1905, Time: 00:03:05

Health: 0/35       AC:  5    Str: 12    XL:     4   Next: 27%
Magic:  4/4        EV: 12    Int: 12    God:
Gold:   97         SH:  0    Dex: 15    Spells: 3/3 levels left

rFire    + . .     SeeInvis .   a - +0 hand axe
rCold    + . .     Gourm    .   (no shield)
rNeg     . . .     Faith    .   i - +0 leather armour
rPois    +         Spirit   .   (helmet restricted)
rElec    +         Reflect  .   n - +0 cloak
rCorr    +         Harm     .   (no gloves)
MR       .....                  d - +0 pair of boots
Stlth    ++........             (no amulet)
HPRegen  0.11/turn              (no ring)
MPRegen  0.09/turn              (no ring)

@: resistant
A: horns 1
a: no special abilities


You were on level 3 of the Dungeon.
You were not hungry.

You visited 1 branch of the dungeon, and saw 3 of its levels.

You collected 97 gold pieces.

Inventory:

Hand Weapons
 a - a +0 hand axe (weapon)
Armour
 b - a +0 robe
 d - a +0 pair of boots (worn)
 i - a +0 leather armour (worn)
 n - a +0 cloak (worn)
Jewellery
 l - an uncursed ring of ice
Wands
 r - a wand of enslavement (6/24)
Scrolls
 e - 2 scrolls of teleportation {unknown}
 f - a scroll of remove curse {unknown}
 h - a scroll of fear {unknown}
 m - 2 scrolls of identify {unknown}
 o - 2 scrolls of enchant armour {unknown}
Potions
 j - a potion of haste {unknown}
 k - a potion of agility {unknown}
 s - a potion of mutation {unknown}
Books
 q - a book of Minor Magic

   Spells                             Type                      Level
   a - Magic Dart                     Conjuration                  1
   b - Blink                          Translocation                2
   c - Call Imp                       Summoning                    2
   d - Slow                           Hexes                        2
   e - Conjure Flame                  Conjuration/Fire             3
   f - Mephitic Cloud                 Conjuration/Poison/Air       3
Comestibles
 c - 6 bread rations
 p - a meat ration
 t - 2 chunks of flesh


   Skills:
 - Level 3.0 Fighting
 + Level 3.5 Axes
 + Level 2.7 Armour
 - Level 2.6 Dodging
 - Level 1.7 Stealth


You had 3 spell levels left.
You didn't know any spells.

Dungeon Overview and Level Annotations

Branches:
Dungeon (3/15)

Altars:


Innate Abilities, Weirdness & Mutations

You have a pair of small horns on your head.


Message History

You miss the hound.
The hound is moderately wounded.
You closely miss the orc. The hound completely misses you.
The hound bites you but does no damage.
Found 2 scrolls labeled MES ESODWUNEI.
The hound bites you.
* * * LOW HITPOINT WARNING * * *
You closely miss the hound.
The hound is moderately wounded.
The hound bites you.
* * * LOW HITPOINT WARNING * * *
The hound bites you.
* * * LOW HITPOINT WARNING * * *
You miss the hound. You headbutt the hound.
The hound is heavily wounded.
The hound bites you but does no damage. The hound closely misses you.
It was a potion of resistance.
You feel protected. The hound bites you.
You die...

.##.....# ..# .#
##......# #.# .#
.......## #.##.#
...(...##.####..#.#
.......##.........#
##.....#####....o#
##.............#o#
##.....####....#h#
.......# #....#@#
####+### #....#..#
#....$....
#######..#.# #.# #
?. #.. ..#


You could see a hound and 2 orcs.

Vanquished Creatures
  3 adders (D:2)
  2 oozes (D:1)
  2 worms (D:3)
  2 dart slugs (D:2)
  A leopard gecko (D:2)
  2 bats (D:1)
  2 giant cockroaches
  4 goblins
  4 hobgoblins
  2 jackals (D:2)
  7 kobolds
  A quokka (D:2)
  7 frilled lizards
  5 rats
44 creatures vanquished.

Notes
Turn   | Place    | Note
-------+----------+-------------------------------------------
     0 | D:1      | uglyjohn the Demonspawn Monk began the quest for the Orb.
     0 | D:1      | Reached XP level 1. HP: 18/18 MP: 1/1
   186 | D:1      | Reached skill level 1 in Armour
   253 | D:1      | Gained mutation: You have a pair of small horns on your head. [demonic ancestry]
   253 | D:1      | Reached XP level 2. HP: 23/24 MP: 2/2
   627 | D:2      | Reached XP level 3. HP: 28/29 MP: 3/3
  1342 | D:2      | Reached XP level 4. HP: 28/35 MP: 4/4
  1905 | D:3      | Slain by a hound

Vault maps used:
D:1:      zaba_arrival_water
D:2:      first_bread, glass_columns_a

Skill      XL: |  1  2 |
---------------+-------+-----
Armour         | 1 2 |  2.7
Axes           | 3 |  3.5
Fighting       | |  3.0
Dodging        | |  2.6
Stealth        | |  1.7

Action                   |  1- 3 |  4- 6 || total
-------------------------+-------+-------++-------
Melee: Hand axe          |   105 |    43 ||   148
       Headbutt          |    11 |    10 ||    21
  Use: Potion            |       |     1 ||     1
 Stab: Sleeping          |     6 |     2 ||     8
  Eat: Chunk             |     1 |     2 ||     3
Armor: Robe              |     2 |       ||     2
       Leather armour    |    27 |     4 ||    31
Dodge: Dodged            |    63 |    19 ||    82
